 Dungeon Crawl Stone Soup version 0.31.0-12-g77e489cdc1 (webtiles) character file.

Game seed: 14508095667352362937

20 spaghetti the Trooper (level 2, 0/25 HPs)
             Began as a Human Chaos Knight on Mar 7, 2024.
             Was a Plaything of Xom.
             Succumbed to a scorpion's poison
             ... on level 1 of the Dungeon.
             The game lasted 00:00:55 (429 turns).

spaghetti the Trooper (Human Chaos Knight)           Turns: 429, Time: 00:00:56

Health: 0/25       AC:  5    Str: 11 (12) XL:     2   Next: 79%
Magic:  2/2        EV: 11    Int: 18      God:    Xom [......]
Gold:   25         SH:  0    Dex: 12      Spells: 1/1 levels left

rFire   . . .        a - +0 short sword (chaos)
rCold   . . .        (no shield)
rNeg    . . .        b - +2 leather armour
rPois   .            (no helmet)
rElec   .            (no cloak)
rCorr   .            (no gloves)
SInv    .            (no boots)
Will    .....        (no amulet)
Stlth   +            d - +6 ring of intelligence
HPRegen 0.24/turn    (no ring)
MPRegen 0.08/turn

%: no passive effects
@: lethally poisoned (0 -> -1)
A: explore regen
a: Renounce Religion


You were on level 1 of the Dungeon.
You worshipped Xom.
You were a very special plaything of Xom.
You visited 1 branch of the dungeon, and saw 1 of its levels.

You collected 25 gold pieces.

Inventory:

Hand Weapons
 a - a +0 short sword of chaos (weapon)
Armour
 b - a +2 leather armour (worn)
Jewellery
 d - a +6 ring of intelligence (left hand)
 i - a ring of fire
Scrolls
 c - a scroll of butterflies
 e - a scroll of poison {unknown}
 f - a scroll of enchant weapon {unknown}
 h - a scroll of immolation {unknown}
 j - a scroll of fog {unknown}


   Skills:
 + Level 4.0 Fighting
 - Level 3.0 Short Blades
 - Level 2.0 Armour
 - Level 1.0 Dodging


You had one spell level left.
You didn't know any spells.
Your spell library was empty.

Dungeon Overview and Level Annotations

Branches:
Dungeon (1/15)

Altars:


Innate Abilities, Weirdness & Mutations

You regain HP and MP as you explore.


Message History

* * * LOW HITPOINT WARNING * * *
You feel sick. The scorpion barely misses you.
Unknown command.
Unknown command.
You hit the scorpion.
You feel better.
The scorpion is heavily wounded.
* * * LOW HITPOINT WARNING * * *
You feel sick.
The scorpion stings you but does no damage.
Unknown command.
Unknown command.
You closely miss the scorpion.
The scorpion is heavily wounded.
* * * LOW HITPOINT WARNING * * *
You feel sick. The scorpion closely misses you.
Unknown command.
Unknown command.
Unknown command.
You hit the scorpion but do no damage.
The scorpion is heavily wounded.
* * * LOW HITPOINT WARNING * * *
You feel sick. The scorpion barely misses you.
Unknown command.
Unknown command.
Unknown command.
You barely miss the scorpion. Your punch misses the scorpion.
The scorpion is heavily wounded.
* * * LOW HITPOINT WARNING * * *
You feel sick. The scorpion stings you.
* * * LOW HITPOINT WARNING * * *
Unknown command.
Unknown command.
Unknown command.
You swap places.
* * * LOW HITPOINT WARNING * * *
You feel sick.
Unknown command.
Unknown command.
You die...
Xom howls with laughter!

#.........#####.#..##
#.........# #.#.##
#####..#### #.).#
##..## ##### ##..###
##...######## #######
###..†.....# ....>..
#........# .....).
#......@.# ....$..
#.....b..##...b...
#.......bsr.$.....
#..).b...##......[
#........# .......
#........# .......
#........# .......
########## .......
#######


You could see a scorpion (resistant, drained, ally target) and a quokka.

Vanquished Creatures
  A dart slug (D:1)
  2 endoplasms (D:1)
  A giant cockroach (D:1)
  2 goblins (D:1)
  3 hobgoblins (D:1)
  2 kobolds (D:1)
  A quokka (D:1)
  A ball python (D:1)
  A bat (D:1)
  2 frilled lizards (D:1)
16 creatures vanquished.

Notes
Turn   | Place    | Note
-------+----------+-------------------------------------------
     0 | D:1      | spaghetti the Human Chaos Knight began the quest for the
                  | Orb.
     0 | D:1      | Reached XP level 1. HP: 18/18 MP: 1/1
   124 | D:1      | Reached XP level 2. HP: 23/24 MP: 2/2
   162 | D:1      | Found a faded altar of an unknown god.
   403 | D:1      | Reached skill level 4 in Fighting
   410 | D:1      | a giant cockroach changed into a scorpion
   410 | D:1      | Noticed a scorpion
   410 | D:1      | XOM: polymorph giant cockroach -> scorpion
   413 | D:1      | XOM: stat loss: -1 Str (11/12)
   419 | D:1      | XOM: butterfly on damage
   420 | D:1      | XOM: enchant monster (bad)
   427 | D:1      | HP: 1/25 [scorpion (1)]
   429 | D:1      | Succumbed to a scorpion's poison

Illustrated notes

Levels and vault maps discovered:
D:1:      wander_arrival_peaceful_grave, layout_rooms,
          shapermc_ecumenical_altar_gd, grunt_decor_cap

Skill      XL: |  1  2 |
---------------+-------+-----
Fighting       | 4 |  4.0
Short Blades   | |  3.0
Armour         | |  2.0
Dodging        | |  1.0

Action                     || total
---------------------------++-------
  Melee: Short sword       ||    73
         Punch             ||     2
    Use: Potion            ||     1
   Stab: Paralysed         ||     1
 Armour: Leather armour    ||    33
  Dodge: Dodged            ||    30
